 Dungeon Crawl Stone Soup version 0.30-a0-371-gad7725a93e (webtiles) character file.

Game seed: 16235526717742228815

100 st0uf2x the Insei (level 4, -9/35 HPs)
             Began as a Draconian Transmuter on Nov 21, 2022.
             Mangled by Crazy Yiuf
             ... wielding a +4 quarterstaff of chaos
              (16 damage)
             ... on level 3 of the Dungeon.
             The game lasted 00:12:37 (1841 turns).

st0uf2x the Insei (Draconian Transmuter)            Turns: 1841, Time: 00:12:38

Health: -9/35      AC:  5    Str: 12    XL:     4   Next: 46%
Magic:  7/8        EV: 12    Int: 13    God:
Gold:   146        SH:  0    Dex: 14    Spells: 5/8 levels left

rFire   . . .      SeeInvis .      - Unarmed
rCold   . . .      Faith    .    (no shield)
rNeg    . . .      Spirit   .    (body armour unavailable)
rPois   .          Reflect  .    (helmet currently unavailable)
rElec   .          Harm     .    (no cloak)
rCorr   .          Rampage  .    (no gloves)
Will    .....                    (boots currently unavailable)
Stlth   +.........               f - amulet of regeneration
HPRegen 1.05/turn                (no ring)
MPRegen 0.11/turn                (no ring)

@: appendages, hasted and slowed
A: horns 2, talons 2, AC +5, unfitting armour, cold-blooded
a: End Transformation


You were on level 3 of the Dungeon.
You had temporarily grown beastly horns and talons.
You visited 1 branch of the dungeon, and saw 3 of its levels.

You collected 146 gold pieces.

Inventory:

Missiles
 p - 6 boomerangs
Jewellery
 f - an amulet of regeneration (around neck)
Scrolls
 b - 4 scrolls of identify {unknown}
 c - 2 scrolls of fear {unknown}
 d - 2 scrolls of teleportation {unknown}
 i - a scroll of vulnerability {unknown}
 j - a scroll of magic mapping {unknown}
 l - a scroll of immolation {unknown}
 n - a scroll of summoning {unknown}
 o - a scroll of brand weapon {unknown}
Potions
 a - a potion of lignification
 e - a potion of magic {unknown}
 g - a potion of curing {unknown}
 h - a potion of degeneration {unknown}
 k - a potion of heal wounds {unknown}
 m - a potion of attraction {unknown}


   Skills:
 + Level 1.1 Fighting
 + Level 2.1 Dodging
 + Level 0.4 Stealth
 + Level 4.0 Unarmed Combat
 + Level 2.7 Spellcasting
 + Level 2.8 Transmutations


You had 5 spell levels left.
You knew the following spells:

 Your Spells              Type           Power      Damage    Failure   Level
a - Beastly Appendage     Tmut           18%        N/A       8%          1
b - Wereblood             Tmut           9%         N/A       11%         2

Your spell library contained the following spells:

 Spells                   Type           Power      Damage    Failure   Level
 Spider Form              Tmut/Pois      5%         N/A       36%         3
 Kindle Blastsparks       Fire/Tloc/Air  2%         2d10      56%         3
 Ice Form                 Ice/Tmut       5%         N/A       78%         4
 Fulminant Prism          Conj/Hex       0%         3d5       93%         4
 Iskenderun's Mystic Bla  Conj/Tloc      1%         2d3       93%         4
 Lee's Rapid Deconstruct  Erth           0%         3d4*      100%        5


Dungeon Overview and Level Annotations

Branches:
Dungeon (3/15)

Altars:

Annotations:
D:3 Crazy Yiuf


Innate Abilities, Weirdness & Mutations

You have temporarily grown beastly horns and talons.
Your plain brown scales are hard. (AC +5)
You cannot fit into any form of body armour.
You are cold-blooded and may be slowed by cold attacks.


Message History

Your transformation is almost over.
The ball python hisses angrily.
You barely miss the ball python. You claw the ball python.
You tail-slap the ball python.
You kill the ball python!
Your horns disappear.
Your talons disappear.
Found a hammer.
Found a runed translucent door.
Press: ? - help, v - describe, . - travel
Here: Crazy Yiuf, wielding a +4 quarterstaff of chaos and wearing a +1 cloak of preservation (asleep, fire blocked by a runed translucent door)
The floor.
You open the door.
There is an open translucent door here.
The helpless Crazy Yiuf fails to defend himself.
You hit Crazy Yiuf but do no damage.
Crazy Yiuf drinks a potion.
Crazy Yiuf suddenly seems more resistant.
Casting: Beastly Appendage (safe; 8% risk of failure)
Confirm with . or Enter, or press ? or * to list all spells.
You grow a pair of large bovine horns.
Your feet morph into talons.
Crazy Yiuf hits you with a +4 quarterstaff of chaos!
You feel yourself speed up.
You hit Crazy Yiuf but do no damage. Your kick misses Crazy Yiuf.
You headbutt Crazy Yiuf, but do no damage.
You closely miss Crazy Yiuf.
Your tail-slap misses Crazy Yiuf.
Crazy Yiuf hits you with a +4 quarterstaff of chaos!
Crazy Yiuf burns you.
You hit Crazy Yiuf.
You headbutt Crazy Yiuf, but do no damage.
You tail-slap Crazy Yiuf.
Crazy Yiuf is heavily wounded.
You hit Crazy Yiuf but do no damage. Your kick misses Crazy Yiuf.
You tail-slap Crazy Yiuf.
Crazy Yiuf is severely wounded.
Crazy Yiuf hits you with a +4 quarterstaff of chaos.
* * * LOW HITPOINT WARNING * * *
You feel yourself slow down. Crazy Yiuf freezes you.
* * * LOW HITPOINT WARNING * * *
You barely miss Crazy Yiuf.
Crazy Yiuf is severely wounded.
Crazy Yiuf hits you with a +4 quarterstaff of chaos!
You die...

....#
#...##
....#
##.##
....# #.##
....###
##.#
......#
#.##
......#
##.#
......##.#
##'##
..........
#...#
......##..
#.@.#
......# .
#.g)#
......#
#####
......#
......#
####### #
#


You could see Crazy Yiuf (resistant).

Vanquished Creatures
  3 adders (D:3)
  2 worms (D:2)
  2 dart slugs
  11 orcs
  8 bats
  4 endoplasms
  A giant cockroach (D:2)
  2 goblins
  A hobgoblin (D:1)
  4 jackals
  2 quokkas
  3 ball pythons
  6 frilled lizards
  4 kobolds
  A rat (D:3)
54 creatures vanquished.

Notes
Turn   | Place    | Note
-------+----------+-------------------------------------------
     0 | D:1      | st0uf2x the Draconian Transmuter began the quest for the
                  | Orb.
     0 | D:1      | Reached XP level 1. HP: 16/16 MP: 3/3
   352 | D:1      | Reached XP level 2. HP: 23/23 MP: 3/5
   887 | D:2      | Learned a level 2 spell: Wereblood
   937 | D:2      | Reached XP level 3. HP: 23/28 MP: 4/6
  1396 | D:3      | Reached XP level 4. HP: 35/35 MP: 3/7
  1465 | D:3      | Reached skill level 4 in Unarmed Combat
  1531 | D:3      | Found a faded altar of an unknown god.
  1775 | D:3      | Found a runed translucent door.
  1776 | D:3      | Noticed Crazy Yiuf
  1841 | D:3      | Mangled by Crazy Yiuf

Illustrated notes

Levels and vault maps discovered:
D:1:      ebering_hopf_link, layout_basic
D:2:      layout_rooms, nicolae_elevator_lobby_plus
D:3:      layout_basic, mainiacjoe_overflow_divided_tiny,
          nicolae_ecumenical_lake_church, kennysheep_minor_cross,
          minmay_large_rounded_square, hangedman_abyss_or_decor_stabs,
          uniq_crazy_yiuf_cottage, uniq_robin

Skill      XL: |  1  2  3  4 |
---------------+-------------+-----
Dodging        | 2 |  2.1
Unarmed Combat | 4 |  4.0
Fighting       | |  1.1
Stealth        | |  0.4
Spellcasting   | |  2.7
Transmutations | |  2.8

Action                   |  1- 3 |  4- 6 || total
-------------------------+-------+-------++-------
Melee: Unarmed           |   127 |    31 ||   158
       Tailslap          |     9 |     4 ||    13
       Punch             |     5 |       ||     5
       Kick              |    23 |     7 ||    30
       Headbutt          |    11 |     4 ||    15
 Cast: Beastly Appendage |    25 |     8 ||    33
       Wereblood         |     2 |       ||     2
 Stab: Sleeping          |       |     1 ||     1
Armor: Skin              |    38 |     5 ||    43
Dodge: Dodged            |    63 |    11 ||    74

Table legend: (Time is in decaauts)
 A = Elapsed time spent in this place.
 B = Non-inter-level travel time spent in this place.
 C = Inter-level travel time spent in this place.
 D = Time resting spent in this place.
 E = Time spent auto-exploring this place.
 F = Levels seen in this place.
 G = Mean time per level.
                   A        B        C        D        E       F      G
               +--------+--------+--------+--------+--------+-----+--------+
         Total |   1832 |   1832 |      0 |     46 |   1028 |   3 |  610.7 |
       Dungeon |   1832 |   1832 |      0 |     46 |   1028 |   3 |  610.7 |
               +--------+--------+--------+--------+--------+-----+--------+

Top non-repeatable levels by time:
     D:1: 760 daAuts
     D:2: 583 daAuts
     D:3: 488 daAuts
